 Dungeon Crawl Stone Soup version 0.29-a0-330-g52719c12eb (webtiles) character file.

Game seed: 2560407687511281743

917 kae the Firebug (level 7, 0/50 HPs)
             Began as a Demigod Fire Elementalist on Apr 22, 2022.
             Slain by a gnoll
             ... wielding a +0 flail
              (12 damage)
             ... on level 5 of the Dungeon.
             The game lasted 00:03:01 (4865 turns).

kae the Firebug (Demigod Fire Elementalist)         Turns: 4865, Time: 00:03:02

Health: 0/50       AC:  2    Str: 17    XL:     7   Next: 53%
Magic:  11/16      EV: 12    Int: 25    God:
Gold:   197        SH:  0    Dex: 14    Spells: 1/14 levels left

rFire   + . .      SeeInvis .   h - +3 falchion (holy)
rCold   . . .      Faith    .   (no shield)
rNeg    . . .      Spirit   .   a - +0 robe
rPois   .          Reflect  .   (no helmet)
rElec   .          Harm     .   (no cloak)
rCorr   .          Rampage  .   (no gloves)
Will    .....                   (no boots)
Stlth   ++........              k - amulet of magic regeneration
HPRegen 0.16/turn               d - +6 ring of strength
MPRegen 0.55/turn               (no ring)

@: no status effects
A: high MP 1, forlorn, divine attributes, fire resistance 1, strong 1, sturdy
frame 1
a: no special abilities


You were on level 5 of the Dungeon.
You visited 1 branch of the dungeon, and saw 5 of its levels.

You collected 197 gold pieces.

Inventory:

Hand Weapons
 h - a +3 falchion of holy wrath (weapon)
Armour
 a - a +0 robe (worn)
Jewellery
 d - a +6 ring of strength (left hand)
 j - an amulet of regeneration
 k - an amulet of magic regeneration (around neck)
 o - an amulet of guardian spirit
Wands
 m - a wand of iceblast (11)
Scrolls
 f - 3 scrolls of identify
 l - a scroll of blinking {unknown}
 p - a scroll of fog {unknown}
Potions
 b - 2 potions of magic
 c - 5 potions of curing
 e - 2 potions of flight
 g - a potion of mutation
 i - a potion of might
 n - 2 potions of haste
 q - 2 potions of degeneration {unknown}


   Skills:
 - Level 1.7 Dodging
 - Level 1.7 Stealth
 + Level 4.0 Spellcasting
 + Level 4.0 Conjurations
 * Level 6.4 Fire Magic


You had one spell level left.
You knew the following spells:

 Your Spells              Type           Power      Damage    Failure   Level
a - Foxfire               Conj/Fire      100%       2x1d9     1%          1
b - Scorch                Fire           74%        2d8       1%          2
c - Conjure Flame         Conj/Fire      31%        6-21      3%          3
d - Inner Flame           Hex/Fire       21%        N/A       8%          3
e - Flame Wave            Conj/Fire      31%        2d8       11%         4

Your spell library contained the following spells:

 Spells                   Type           Power      Damage    Failure   Level
 Corpse Rot               Necr/Air       10%        N/A       14%         2
 Poisonous Vapours        Pois/Air       10%        N/A       14%         2
 Conjure Ball Lightning   Conj/Air       7%         3x3d6     99%         6
 Discord                  Hex            2%         N/A       100%        8
 Disjunction              Tloc           2%         N/A       100%        8


Dungeon Overview and Level Annotations

Branches:
Dungeon (5/15)             Temple (0/1) D:5

Annotations:
D:4 exclusion: upstairs


Innate Abilities, Weirdness & Mutations

You have an increased reservoir of magic. (+10% MP)
You shall have no god before yourself.
Your divine heritage dramatically boosts your attributes as you level up.
Your flesh is heat resistant. (rF+)
Your muscles are strong. (Str +2)
Your movements are slightly less encumbered by armour. (ER -2)


Message History

You kill the gnoll!
Casting: Foxfire (safe; 1% risk of failure)
Confirm with . or Enter, or press ? or * to list all spells.
You conjure some foxfire!
The gnoll hits you but does no damage. The gnoll barely misses you.
The foxfire hits the gnoll.
The gnoll is lightly wounded.
The foxfire hits the gnoll!
The gnoll is almost dead.
The gnoll hits you from afar with a +0 spear!
The gnoll hits you with a +0 club.
Casting: Foxfire (safe; 1% risk of failure)
Confirm with . or Enter, or press ? or * to list all spells.
Flames lash the gnoll.
The gnoll is moderately wounded.
The gnoll's fire resistance burns away.
The gnoll misses you. The gnoll closely misses you.
The gnoll closely misses you.
The gnoll hits you from afar with a +0 spear.
Casting: Scorch (safe; 1% risk of failure)
Confirm with . or Enter, or press ? or * to list all spells.
Flames lash the gnoll.
You kill the gnoll!
The gnoll hits you with a +0 club. The gnoll hits you with a +0 flail.
Your Conjurations skill increases to level 4!
The gnoll hits you with a +0 club. The gnoll closely misses you.
Casting: Scorch (safe; 1% risk of failure)
Confirm with . or Enter, or press ? or * to list all spells.
Flames lash the gnoll.
You kill the gnoll!
The gnoll is no longer more vulnerable to fire.
The gnoll hits you with a +0 flail. The gnoll hits you with a +0 flail!
* * * LOW HITPOINT WARNING * * *
Casting: Scorch (safe; 1% risk of failure)
Confirm with . or Enter, or press ? or * to list all spells.
Flames lash the gnoll.
The gnoll is heavily wounded.
The gnoll's fire resistance burns away.
The gnoll hits you with a +0 flail!
You die...

#.#.#.#..##.###
#.#.#.#..##.# #
#.#.#.#..##.#
#######...........###
#...........#..###...
#...........#....#.#.
#.....).....##...#...
#...))########.#.....
#...@g#♣..♣# #.#..#.#
#.....#....# #.#..#.#
#.....'.♣♣♣# #.#..#.#
####.....#..♣.# #.#..#.#
#........#♣..♣###.#..#.#
#.##.....######...#..#.#
#.##.................#.#
#.##............#....#.#
#.##.......#######...#.#


You could see a gnoll (combustible).

Vanquished Creatures
  Grinder (D:3)
  Menkaure (D:4)
  An ogre (D:5)
  2 necrophages
  2 hounds
  A jelly (D:3)
  A gnoll shaman (D:5)
  2 iguanas
  4 gnolls
  11 adders
  2 white imps (D:5)
  3 worms
  2 dart slugs
  3 orcs
  9 ball pythons
  5 endoplasms
  A giant cockroach (D:1)
  4 goblins
  11 hobgoblins
  5 jackals
  4 quokkas
  5 bats
  3 frilled lizards
  3 kobolds
  8 rats
94 creatures vanquished.

Vanquished Creatures (others)
  333 foxfires
333 creatures vanquished.

Grand Total: 427 creatures vanquished

Notes
Turn   | Place    | Note
-------+----------+-------------------------------------------
     0 | D:1      | kae the Demigod Fire Elementalist began the quest for the
                  | Orb.
     0 | D:1      | Reached XP level 1. HP: 14/14 MP: 5/5
    45 | D:1      | Reached skill level 1 in Conjurations
    45 | D:1      | Reached skill level 3 in Fire Magic
    45 | D:1      | Reached XP level 2. HP: 12/20 MP: 1/7
   236 | D:1      | Learned a level 2 spell: Scorch
   968 | D:1      | Reached XP level 3. HP: 26/26 MP: 4/8
  2228 | D:2      | Reached XP level 4. HP: 33/33 MP: 7/10
  2407 | D:3      | Noticed Grinder
  2421 | D:3      | Gained mutation: Your flesh is heat resistant. (rF+)
                  | [potion of mutation]
  2421 | D:3      | Gained mutation: Your movements are slightly less
                  | encumbered by armour. (ER -2) [potion of mutation]
  2421 | D:3      | Gained mutation: Your muscles are strong. (Str +2) [potion
                  | of mutation]
  2422 | D:3      | Paralysed by Grinder for 4 turns
  2433 | D:3      | Paralysed by Grinder for 4 turns
  2438 | D:3      | Paralysed by Grinder for 4 turns
  2445 | D:3      | Killed Grinder
  2446 | D:3      | Reached skill level 4 in Fire Magic
  2446 | D:3      | Reached XP level 5. HP: 10/38 MP: 1/12
  3086 | D:3      | Reached XP level 6. HP: 45/45 MP: 9/13
  3420 | D:4      | Reached skill level 5 in Fire Magic
  3660 | D:4      | Noticed Menkaure
  3673 | D:4      | Killed Menkaure
  4329 | D:4      | Reached XP level 7. HP: 50/50 MP: 15/15
  4398 | D:5      | Entered Level 5 of the Dungeon
  4405 | D:5      | Learned a level 3 spell: Conjure Flame
  4409 | D:5      | Learned a level 3 spell: Inner Flame
  4414 | D:5      | Learned a level 4 spell: Flame Wave
  4424 | D:5      | Found a staircase to the Ecumenical Temple.
  4518 | D:5      | Reached skill level 6 in Fire Magic
  4865 | D:5      | Slain by a gnoll

Illustrated notes

Levels and vault maps discovered:
D:1:      dpeg_arrival_pits, layout_basic, minmay_misc_feat_ornament,
          minmay_misc_feat_four_crosses
D:2:      layout_rooms, dreamdust_ecumenical_altar_grove, grunt_ministairs_7,
          grunt_decor_resistance, minmay_small_reverse_x
D:3:      minmay_door_path, layout_rooms, nicolae_overflow_ecumenical_swirl,
          mainiacjoe_overflow_chevrons, hangedman_decor_points, uniq_grinder
D:4:      layout_cave_pools, serial_glass, glass_columns_b, glass_columns_b,
          uniq_menkaure
D:5:      layout_basic, jmf_multi_god_temple, kennysheep_mini,
          mainiacjoe_overflow_concentric_impassable,
          minmay_temple_entry_overgrown, kennysheep_flooded_box,
          chequers_arboretum

Skill      XL: |  1  2  3  4  5  6  7 |
---------------+----------------------+-----
Spellcasting   | 2 3 4 |  4.0
Conjurations   | 1 2 3 4 |  4.0
Fire Magic     | 3 4 5 6 |  6.4
Dodging        | |  1.7
Stealth        | |  1.7

Action                   |  1- 3 |  4- 6 |  7- 9 || total
-------------------------+-------+-------+-------++-------
Melee: Unarmed           |     3 |     1 |       ||     4
 Cast: Foxfire           |    62 |    90 |    42 ||   194
       Scorch            |    13 |     9 |     8 ||    30
  Use: Potion            |       |     4 |       ||     4
       Scroll            |       |     4 |     2 ||     6
Armor: Robe              |     6 |    13 |     2 ||    21
Dodge: Dodged            |    21 |    46 |    15 ||    82

Table legend: (Time is in decaauts)
 A = Elapsed time spent in this place.
 B = Non-inter-level travel time spent in this place.
 C = Inter-level travel time spent in this place.
 D = Time resting spent in this place.
 E = Time spent auto-exploring this place.
 F = Levels seen in this place.
 G = Mean time per level.
                   A        B        C        D        E       F      G
               +--------+--------+--------+--------+--------+-----+--------+
         Total |   4865 |   4716 |    149 |    184 |   3801 |   5 |  973.0 |
       Dungeon |   4865 |   4716 |    149 |    184 |   3801 |   5 |  973.0 |
               +--------+--------+--------+--------+--------+-----+--------+

Top non-repeatable levels by time:
     D:2: 1245 daAuts
     D:3: 1182 daAuts
     D:1: 1115 daAuts
     D:4: 855 daAuts
     D:5: 466 daAuts
